 Dungeon Crawl Stone Soup version 0.24.1-14-gf8d2b509d9 (webtiles) character file.

Game seed: 10927267089536866714, levelgen mode: deterministic

11286 lepoulpe303 the Commander (level 12, -5/94 HPs)
             Began as a Formicid Fighter on May 15, 2020.
             Was a High Priest of Okawaru.
             Slain by a nine-headed hydra (11 damage)
             ... on level 1 of the Lair of Beasts on May 16, 2020.
             The game lasted 00:43:59 (14272 turns).

lepoulpe303 the Commander (Formicid Fighter)       Turns: 14272, Time: 00:44:00

Health: -5/94      AC: 13    Str: 23    XL:     12   Next: 5%
Magic:  20/20      EV: 11    Int:  9    God:    Okawaru [*****.]
Gold:   1026       SH: 12    Dex: 15    Spells: 11/11 levels left

rFire    . . .     SeeInvis +   a - +0 lajatang
rCold    . . .     Gourm    +   c - +0 shield
rNeg     . . .     Faith    .   M - +0 chain mail
rPois    .         Spirit   .   (helmet unavailable)
rElec    .         Reflect  .   T - scarf {repulsion}
rCorr    .         Harm     .   D - +0 pair of gloves
MR       +....                  K - +0 pair of boots
Stlth    ..........             l - amulet of the gourmand
HPRegen  0.25/turn              A - +3 ring of evasion
MPRegen  0.17/turn              v - +3 ring of dexterity

@: repel missiles
A: permanent stasis, dig shafts and tunnels, four strong arms, antennae 3,
hooves 1, wild magic 1
a: Dig, Shaft Self, Heroism, Finesse, Renounce Religion


You were on level 1 of the Lair of Beasts.
You worshipped Okawaru.
Okawaru was extremely pleased with you.
You were completely stuffed.

You visited 3 branches of the dungeon, and saw 13 of its levels.
You also visited: Ossuary.

You collected 1026 gold pieces.

Inventory:

Hand Weapons
 a - a +0 lajatang (weapon)
Missiles
 N - 9 poisoned darts (quivered)
 Q - 3 datura-tipped darts
Armour
 c - a +0 shield (worn)
 D - a +0 pair of gloves (worn)
 K - a +0 pair of boots (worn)
 M - a +0 chain mail (worn)
 T - a scarf of repulsion (worn)
Jewellery
 l - an amulet of the gourmand (around neck)
 v - a +3 ring of dexterity (right hand)
 A - a +3 ring of evasion (left hand)
 I - an uncursed ring of protection from cold
Wands
 b - a wand of disintegration (1)
 y - a wand of flame (30)
 B - a wand of enslavement (10)
 H - a wand of iceblast (16)
 O - a wand of polymorph (7)
Scrolls
 f - 2 scrolls of fog
 g - a scroll of random uselessness {unknown}
 i - 5 scrolls of identify
 j - a scroll of fear {unknown}
 t - 2 scrolls of enchant weapon {unknown}
 u - 3 scrolls of magic mapping {unknown}
 w - 2 scrolls of remove curse
 x - 2 scrolls of enchant armour {unknown}
 E - a scroll of noise {unknown}
 L - a scroll of immolation {unknown}
 R - a scroll of holy word {unknown}
 S - a scroll of brand weapon {unknown}
Potions
 d - 3 potions of might
 h - 2 potions of degeneration {unknown}
 k - 3 potions of flight
 m - 4 potions of mutation {!q}
 n - 4 potions of resistance
 p - 2 potions of cancellation
 q - 3 potions of curing
 r - 3 potions of lignification {!q}
 s - a potion of brilliance {unknown}
 C - a potion of haste {unknown}
 F - a potion of heal wounds {unknown}
 G - a potion of ambrosia {unknown}
 J - a potion of berserk rage {unknown}
Comestibles
 e - 23 rations
 o - 3 chunks of flesh


   Skills:
 + Level 8.4 Fighting
 * Level 10.2 Staves
 + Level 8.4 Armour
 + Level 9.2 Shields
 * Level 11.1 Invocations


You had 11 spell levels left.
You didn't know any spells.
Your spell library contained the following spells:

 Spells                   Type           Power        Failure   Level  Hunger
 Animate Skeleton         Necr           N/A          96%         1    ##.....
 Apportation              Tloc           #.....       96%         1    ##.....
 Confusing Touch          Hex            #.....       96%         1    ##.....
 Sting                    Conj/Pois      #...         96%         1    ##.....
 Summon Small Mammal      Summ           #...         96%         1    ##.....
 Poisonous Vapours        Pois/Air       #.....       99%         2    ###....
 Mephitic Cloud           Conj/Pois/Air  #.......     100%        3    ####...
 Cause Fear               Hex            #.........   100%        4    #####..
 Olgreb's Toxic Radiance  Pois           #.......     100%        4    #####..
 Silence                  Hex/Air        #.........   100%        5    ######.
 Venom Bolt               Conj/Pois      #.........   100%        5    ######.
 Yara's Violent Unravell  Hex/Tmut       #.........   100%        5    ######.
 Deflect Missiles         Chrm/Air       #.........   100%        6    #######
 Discord                  Hex            #.........   100%        8    #######


Dungeon Overview and Level Annotations

Branches:
Dungeon (11/15)            Temple (1/1) D:4            Lair (1/6) D:9
Ossuary (visited)
    Orc: D:9-12

Altars:
Ashenzari
Cheibriados
Dithmenos
Elyvilon
Fedhas
Gozag
Hepliaklqana
Kikubaaqudgha
Makhleb
Nemelex Xobeh
Okawaru
Qazlal
Ru
Sif Muna
Trog
Uskayaw
Vehumet
Wu Jian
Xom
Yredelemnul
Zin
The Shining One

Shops:
D:6 %


Innate Abilities, Weirdness & Mutations

You cannot be hasted, slowed, berserked, paralysed or teleported.
You can dig through walls and to a lower floor.
Your four strong arms can wield two-handed weapons with a shield.
You have a pair of large antennae on your head. (SInv)
You have large cloven feet.
Your spells are a little harder to cast, but a little more powerful.


Message History

* * * LOW HITPOINT WARNING * * *
You take 13 damage, and have 14/94 hp.
Aim: a nine-headed hydra (severely wounded)
Okay, then.
It was a potion of mutation.
You feel extremely strange.
You feel less in control of your magic.
You feel stronger.
You feel weaker.
Your feet thicken and deform.
The nine-headed hydra closely misses you.
You block the nine-headed hydra's attack.
The nine-headed hydra bites you!
* * * LOW HITPOINT WARNING * * *
The nine-headed hydra bites you but does no damage.
You block the nine-headed hydra's attack.
The nine-headed hydra bites you but does no damage.
The nine-headed hydra barely misses you.
The nine-headed hydra bites you.
* * * LOW HITPOINT WARNING * * *
The nine-headed hydra bites you!
You die...

### ##### # ######
#.###P#P#####.####..#P####
.........................
####......... .........# ## ##
#......#+ ##.......#.).
.####....##.###.##......... ..#
#....+......##.....#
(.###....##.....##.....#.
####......#.....@D.........
#####....+......##.....#...
#.###....#......##.....# ..
.>.......##.##..#......#...... .#
.........##.#.+###........##.##..
................................#
................................#
................................#
................................P


You could see a nine-headed hydra.

Levels and vault maps discovered:
D:1:      minmay_arrival_jagged, layout_loops_ring, cheibriados_altar_1
D:2:      layout_rooms, overflow_temple_1_default, doesnt_xom_only_xom,
          columned_hall_lemuel, minmay_tetromino_l4
D:3:      layout_loops_corners, lemuel_crystal_altar, first_ration,
          wander_ebering_terrifying_dragon_lair
D:4:      layout_basic, old_standard_altar, tgw_sif, temple_doors_cd
D:5:      layout_rooms, eat_drink_and_be_merry_uskayaw, minmay_puff,
          uniq_menkaure
D:6:      layout_basic, lemuel_zombie_altar_yredelemnul,
          nicolae_ossuary_entry_ruins, serial_shops, shop
D:7:      layout_loops_ring, the_bakery, minmay_misc_feat_tiny,
          mrwooster_statue_mirror, okawaru_trees_2
D:8:      layout_basic, overflow_temple_1_default
D:9:      layout_basic, due_lair_maze_entry_diamond
D:10:     layout_layer_cave
D:11:     layout_loops_cross, basic_altar, enter_trove_5, item_on_display_a
Temple:   minmay_temple_curvy_branch
Lair:1:   layout_regular_city

Notes
Turn   | Place    | Note
-------+----------+-------------------------------------------
     0 | D:1      | lepoulpe303 the Formicid Fighter began the quest for the
                  | Orb.
     0 | D:1      | Reached XP level 1. HP: 18/18 MP: 1/1
    43 | D:1      | Identified a +0 club
    68 | D:1      | Reached XP level 2. HP: 24/24 MP: 2/2
    72 | D:1      | Identified a +0 club
   110 | D:1      | Found a snail-covered altar of Cheibriados.
   586 | D:1      | Reached XP level 3. HP: 28/29 MP: 3/3
   660 | D:1      | Identified a scroll of blinking
   661 | D:1      | Identified a scroll of amnesia
   662 | D:1      | Identified a scroll of teleportation
   702 | D:2      | Found a sacrificial altar of Ru.
   748 | D:2      | Identified a +0 short sword
   748 | D:2      | Identified a +0 dagger
   762 | D:1      | Reached skill level 4 in Shields
   953 | D:2      | Identified a +0 hunting sling
  1041 | D:2      | Reached XP level 4. HP: 37/37 MP: 4/4
  1116 | D:2      | Reached skill level 3 in Staves
  1175 | D:2      | Found a blossoming altar of Fedhas.
  1177 | D:2      | Found an ancient bone altar of Kikubaaqudgha.
  1177 | D:2      | Found a shimmering altar of Xom.
  1179 | D:2      | Found a hazy altar of Hepliaklqana.
  1179 | D:2      | Found a burning altar of Makhleb.
  1179 | D:2      | Found a shimmering altar of Xom.
  1347 | D:2      | Identified a scroll of identify
  1347 | D:2      | Identified an amulet of the gourmand (You found it on level
                  | 1 of the Dungeon)
  1349 | D:2      | Identified a ring of evasion (You found it on level 1 of
                  | the Dungeon)
  1358 | D:3      | Identified a +0 dagger
  1358 | D:3      | Identified a +0 whip
  1358 | D:3      | Identified a +0 leather armour
  1358 | D:3      | Identified a +0 whip
  1358 | D:3      | Identified a +0 spear
  1359 | D:3      | Identified a +0 flail
  1360 | D:3      | Identified a +0 spear
  1361 | D:3      | Identified a +0 club
  1556 | D:3      | Identified a +0 club
  1557 | D:3      | Found a stormy altar of Qazlal.
  1830 | D:3      | Identified a +0 dagger
  1831 | D:3      | Reached XP level 5. HP: 42/42 MP: 5/5
  2129 | D:3      | Reached skill level 4 in Fighting
  2187 | D:3      | Identified a +3 ring of dexterity
  2270 | D:3      | Reached skill level 4 in Armour
  2690 | D:4      | Found an opulent altar of Gozag.
  2872 | D:4      | Found a staircase to the Ecumenical Temple.
  2877 | Temple   | Entered the Ecumenical Temple
  3121 | Temple   | Became a worshipper of Warmaster Okawaru
  3382 | D:4      | Identified a +0 club
  3382 | D:4      | Identified a cursed +0 robe
  3382 | D:4      | Noticed Jessica
  3422 | D:4      | Killed Jessica
  3422 | D:4      | Reached XP level 6. HP: 33/48 MP: 6/6
  3436 | D:4      | Found a shimmering blue altar of Sif Muna.
  3568 | D:5      | Entered Level 5 of the Dungeon
  3568 | D:5      | Identified a +0 club
  3568 | D:5      | Identified a +0 leather armour
  3568 | D:5      | Identified a +0 club
  3568 | D:5      | Identified a +0 dagger
  3568 | D:5      | Identified a +0 ring mail
  3674 | D:5      | Identified an amulet of magic regeneration (You found it on
                  | level 4 of the Dungeon)
  3744 | D:5      | Reached skill level 4 in Staves
  3744 | D:5      | Reached skill level 1 in Invocations
  3810 | D:5      | Noticed Menkaure
  3821 | D:5      | Killed Menkaure
  3821 | D:5      | Reached * piety under Okawaru
  3821 | D:5      | Reached skill level 5 in Shields
  3821 | D:5      | Reached skill level 2 in Invocations
  3821 | D:5      | Reached XP level 7. HP: 30/55 MP: 8/8
  3960 | D:5      | Found a hide-covered altar of Uskayaw.
  4048 | D:5      | Identified a +0 leather armour
  4050 | D:5      | Identified a +0 leather armour
  4050 | D:5      | Identified a cursed +0 ring mail
  4100 | D:5      | Identified a +0 pair of gloves (You found it on level 5 of
                  | the Dungeon)
  4225 | D:5      | Identified a +0 whip
  4225 | D:5      | Identified a +0 leather armour
  4388 | D:6      | Identified 3 scrolls of remove curse
  4389 | D:6      | Identified 3 scrolls of fog
  4413 | D:6      | Reached skill level 3 in Invocations
  4503 | D:6      | Found a sand-covered staircase.
  4519 | D:6      | Identified a cursed -1 chain mail (You found it on level 6
                  | of the Dungeon)
  4531 | D:6      | Identified a +0 scale mail
  4533 | Ossuary  | Entered an ossuary
  4646 | Ossuary  | Reached skill level 5 in Staves
  4857 | Ossuary  | Identified 3 potions of flight
  5096 | D:6      | Reached XP level 8. HP: 61/61 MP: 10/10
  5099 | D:6      | Identified a cursed +3 halberd
  5099 | D:6      | Identified a +0 robe
  5101 | D:6      | Identified a +4 spear
  5101 | D:6      | Identified a +0 robe
  5111 | D:6      | Identified a +0 flail
  5111 | D:6      | Identified a +0 robe
  5119 | D:6      | Identified a cursed +0 spear
  5119 | D:6      | Identified a +0 robe
  5129 | D:6      | Reached skill level 5 in Fighting
  5129 | D:6      | Reached skill level 5 in Armour
  5129 | D:6      | Reached skill level 4 in Invocations
  5144 | D:6      | Identified a +3 war axe
  5144 | D:6      | Identified a +0 robe
  5237 | D:6      | Identified a cursed -2 shortbow
  5248 | D:6      | Reached ** piety under Okawaru
  5494 | D:6      | Found a basalt altar of Yredelemnul.
  5570 | D:6      | Found Wytefues's Food Boutique.
  5688 | D:7      | Reached skill level 5 in Invocations
  5711 | D:7      | Reached skill level 6 in Staves
  5711 | D:7      | Reached skill level 6 in Shields
  5925 | D:7      | Identified a +0 giant club
  5942 | D:7      | Reached XP level 9. HP: 18/68 MP: 9/13
  6015 | D:7      | Identified a +0 rapier
  6015 | D:7      | Identified a +0 shortbow
  6201 | D:7      | Identified a +0 giant club
  6210 | D:7      | Reached *** piety under Okawaru
  6210 | D:7      | Reached skill level 6 in Invocations
  6242 | D:7      | Found an iron altar of Okawaru.
  6429 | D:7      | Identified a +0 dagger
  6429 | D:7      | Identified a +0 robe
  6812 | D:7      | Reached skill level 6 in Armour
  6814 | D:7      | Identified 3 potions of lignification
  6815 | D:7      | Identified 3 potions of curing
  6816 | D:7      | Identified 2 potions of resistance
  6817 | D:7      | Identified 2 potions of cancellation
  6974 | D:8      | Identified a +0 dagger
  6974 | D:8      | Identified a +0 giant spiked club
  6977 | D:8      | Identified a +0 shortbow
  6985 | D:8      | Reached skill level 6 in Fighting
  6992 | D:8      | Reached skill level 7 in Staves
  7076 | D:8      | Identified a +0 dagger
  7076 | D:8      | Identified a cursed +0 robe
  7076 | D:8      | Identified a +0 war axe
  7076 | D:8      | Identified a +0 chain mail
  7086 | D:8      | Identified a +0 morningstar
  7104 | D:8      | Found a blossoming altar of Fedhas.
  7109 | D:8      | Reached skill level 7 in Invocations
  7263 | D:8      | Identified a +0 short sword
  7265 | D:8      | Identified a cursed +0 dagger
  7266 | D:8      | Identified a cursed -1 dagger
  7267 | D:8      | Identified a +0 dagger
  7283 | D:8      | Reached skill level 7 in Shields
  7352 | D:8      | Identified a +0 mace
  7352 | D:8      | Identified a +0 hand axe
  7353 | D:8      | Identified a +0 hand axe
  7353 | D:8      | Identified a +0 halberd
  7353 | D:8      | Identified a +0 chain mail
  7374 | D:8      | Reached **** piety under Okawaru
  7773 | D:8      | Reached XP level 10. HP: 74/77 MP: 15/15
  7979 | D:8      | Identified a +0 pair of boots (You found it on level 8 of
                  | the Dungeon)
  8177 | D:9      | Identified a +0 giant spiked club
  8177 | D:9      | Identified a cursed +0 giant club
  8177 | D:9      | Noticed a two-headed ogre
  8194 | D:9      | HP: 19/77 [two-headed ogre/+0 giant spiked club (18)]
  8520 | D:9      | Reached skill level 8 in Invocations
  8539 | D:9      | Reached skill level 8 in Staves
  8970 | D:9      | Reached skill level 7 in Fighting
  8970 | D:9      | Reached skill level 7 in Armour
  9019 | D:9      | Identified a cursed -1 scale mail
  9360 | D:9      | Reached ***** piety under Okawaru
  9590 | D:9      | Found a staircase to the Lair.
  9698 | D:9      | Reached skill level 9 in Invocations
  9744 | D:9      | Reached skill level 8 in Shields
 10281 | D:9      | Killed a two-headed ogre
 10281 | D:9      | Reached XP level 11. HP: 36/84 MP: 16/18
 10667 | D:10     | Entered Level 10 of the Dungeon
 10728 | D:10     | Identified a +0 quarterstaff
 10741 | D:10     | Identified a ring of wizardry (You found it on level 10 of
                  | the Dungeon)
 10799 | D:10     | Received a gift from Okawaru
 10799 | D:10     | Reached skill level 9 in Staves
 10811 | D:10     | Identified a +0 shortbow
 11072 | D:10     | Identified a +0 shortbow
 11095 | D:10     | Noticed an unseen horror
 11110 | D:10     | HP: 21/84 [troll (8)]
 11117 | D:10     | Reached skill level 10 in Invocations
 11122 | D:10     | HP: 9/85 [unseen horror (7)]
 11128 | D:10     | Killed an unseen horror
 11208 | D:10     | Identified a +0 lajatang
 11208 | D:10     | Identified a +0 leather armour
 11414 | D:10     | Identified a +0 hand axe
 11414 | D:10     | Identified a +0 rapier
 11507 | D:10     | Identified a +0 dagger
 11507 | D:10     | Identified a cursed +0 robe
 11509 | D:10     | Identified a +0 flail
 11509 | D:10     | Identified a +0 chain mail
 11510 | D:10     | Identified a +0 flail
 11510 | D:10     | Identified a +0 leather armour
 11576 | D:10     | Reached skill level 8 in Armour
 11580 | D:10     | Received a gift from Okawaru
 11580 | D:10     | Reached skill level 8 in Fighting
 11589 | D:10     | Identified a scarf of repulsion (Okawaru gifted it to you
                  | on level 10 of the Dungeon)
 12301 | D:11     | Identified a cursed -1 dagger
 12301 | D:11     | Identified a +0 robe
 12310 | D:11     | Identified a +0 dagger
 12310 | D:11     | Identified a +0 robe
 12317 | D:11     | Identified a +0 dagger
 12317 | D:11     | Identified a +0 robe
 12319 | D:11     | Identified a +0 trident
 12319 | D:11     | Identified a +0 ring mail
 12322 | D:11     | Identified a +0 whip
 12322 | D:11     | Identified a +0 leather armour
 12332 | D:11     | Reached ****** piety under Okawaru
 12565 | D:11     | Reached skill level 9 in Shields
 12591 | D:11     | Noticed a cyan ugly thing
 12605 | D:10     | Killed a cyan ugly thing
 12690 | D:11     | Upgraded the game from 0.24.1-11-gbbbb2193e6 to
                  | 0.24.1-14-gf8d2b509d9
 12807 | Lair:1   | Entered Level 1 of the Lair of Beasts
 12895 | Lair:1   | HP: 21/86 [black mamba (1)]
 12896 | Lair:1   | Reached skill level 10 in Staves
 13533 | Lair:1   | Identified a ring of protection from cold (You found it on
                  | level 1 of the Lair of Beasts)
 13597 | Lair:1   | Reached skill level 11 in Invocations
 13597 | Lair:1   | Reached XP level 12. HP: 39/94 MP: 17/20
 13607 | Lair:1   | HP: 23/94 [poisoned by a spiny frog]
 13612 | Lair:1   | HP: 18/94 [poisoned by a spiny frog]
 13618 | Lair:1   | HP: 16/94 [poisoned by a spiny frog]
 13624 | Lair:1   | HP: 14/94 [poisoned by a spiny frog]
 13629 | Lair:1   | HP: 14/94 [poisoned by a spiny frog]
 13637 | Lair:1   | HP: 14/94 [poisoned by a spiny frog]
 14257 | Lair:1   | Noticed a seven-headed hydra
 14271 | Lair:1   | HP: 23/94 [nine-headed hydra (4)]
 14272 | Lair:1   | Identified 5 potions of mutation
 14272 | Lair:1   | Gained mutation: Your spells are a little harder to cast,
                  | but a little more powerful. [potion of mutation]
 14272 | Lair:1   | Gained mutation: Your muscles are strong. (Str +2) [potion
                  | of mutation]
 14272 | Lair:1   | Lost mutation: Your muscles are strong. (Str +2) [potion of
                  | mutation]
 14272 | Lair:1   | Gained mutation: You have large cloven feet. [potion of
                  | mutation]
 14272 | Lair:1   | HP: 8/94 [nine-headed hydra (7)]
 14272 | Lair:1   | Slain by a nine-headed hydra

Table legend:
 A = Turns spent in this place as a percentage of turns spent in the entire game.
 B = Non-inter-level travel turns spent in this place as a percentage of non-inter-level travel turns spent in the entire game.
 C = Inter-level travel turns spent in this place as a percentage of turns spent in this place.
 D = Turns resting spent in this place as a percentage of non-inter-level travel turns spent in this place.
 E = Turns spent auto-exploring this place as a percentage of non-inter-level travel turns spent in this place.
 F = Non-inter-level travel turns spent in this place divided by the number of levels of this place that you've seen.
                   A       B       C       D       E      F
               +-------+-------+-------+-------+-------+----------------------
         Total | 100.0 | 100.0 |   4.8 |  29.4 |  51.1 | 970.5
       Dungeon |  85.5 |  85.1 |   5.3 |  27.3 |  52.8 | 1051.5
        Temple |   1.9 |   1.7 |  15.7 |   0.0 |  98.7 | 225.0
          Lair |  10.3 |  10.8 |   0.0 |  47.9 |  38.4 | 1465.0
       Ossuary |   2.3 |   2.4 |   0.0 |  40.8 |  16.9 | 331.0
               +-------+-------+-------+-------+-------+----------------------

Table legend:
 A = Kills in this place as a percentage of kills in entire the game.
 B = Kills by you in this place as a percentage of kills by you in the entire game.
 C = Kills by friends in this place as a percentage of kills by friends in the entire game.
 D = Other kills in this place as a percentage of other kills in the entire game.
 E = Experience gained in this place as a percentage of experience gained in the entire game.
 F = Experience gained in this place divided by the number of levels of this place that you have seen.
                   A       B       C       D       E      F
               +-------+-------+-------+-------+-------+----------------------
         Total | 100.0 | 100.0 | 100.0 |   N/A | 100.0 | 1151.7
       Dungeon |  88.4 |  88.4 | 100.0 |   N/A |  83.7 | 1226.9
          Lair |   5.2 |   5.2 |   0.0 |   N/A |  15.3 | 2460.0
       Ossuary |   6.4 |   6.4 |   0.0 |   N/A |   1.0 | 168.0
               +-------+-------+-------+-------+-------+----------------------

Skill      XL: |  1  2  3  4  5  6  7  8  9 10 11 |
---------------+----------------------------------+-----
Shields        | 4 5 6 7 8 9 |  9.2
Staves         | 3 4 5 6 7 8 10 | 10.2
Fighting       | 4 5 6 7 8 |  8.4
Armour         | 4 5 6 7 8 |  8.4
Invocations    | 2 3 5 7 9 11 | 11.1

Action                   |  1- 3 |  4- 6 |  7- 9 | 10-12 || total
-------------------------+-------+-------+-------+-------++-------
Melee: Quarterstaff      |    93 |   165 |   430 |   284 ||   972
       Lajatang          |       |       |       |   188 ||   188
Throw: Dart              |       |       |       |    72 ||    72
Invok: Heroism           |       |       |     2 |     3 ||     5
       Finesse           |       |       |       |     1 ||     1
Evoke: Wand              |       |       |     2 |     9 ||    11
  Use: Scroll            |     3 |     2 |     8 |     2 ||    15
       Potion            |       |       |       |     2 ||     2
  Eat: Chunk             |     1 |    20 |    13 |    27 ||    61
       Ration            |       |     1 |       |     1 ||     2
Armor: Scale mail        |    41 |    55 |   111 |       ||   207
       Chain mail        |       |       |       |   151 ||   151
Dodge: Dodged            |    27 |    71 |   159 |   150 ||   407
Block: Shield            |    52 |    92 |   216 |   262 ||   622

Vanquished Creatures
  A two-headed ogre (D:9)
  An unseen horror (D:10)
  An ugly thing (D:10)
  A black mamba (Lair:1)
  A spiny frog (Lair:1)
  3 trolls
  A hornet (D:9)
  4 hippogriffs
  A spriggan (D:7)
  14 yaks
  A vampire (D:10)
  A steam dragon (D:9)
  Menkaure (D:5)
  A hungry ghost (D:8)
  5 water moccasins
  3 porcupines (D:9)
  2 orc warriors (D:8)
  2 sky beasts
  2 black bears (D:9)
  A phantom (D:7)
  3 ogres
  5 centaurs
  3 crocodiles (Lair:1)
  2 big kobolds (D:8)
  4 bullfrogs
  2 scorpions
  A wyvern skeleton (D:7)
  3 wights (D:6)
  4 howler monkeys
  3 centaur zombies
  2 bullfrog zombies
  4 crimson imps
  A centaur skeleton (D:5)
  A human zombie (Ossuary)
  2 orc priests
  5 orc wizards
  4 hounds
  2 jellies
  Jessica (D:4)
  4 bullfrog skeletons
  4 iguanas
  4 worker ants
  3 big kobold zombies (Ossuary)
  2 mummies (Ossuary)
  2 howler monkey zombies
  A worker ant zombie (D:7)
  8 adders
  3 gnolls
  A shadow imp (D:7)
  An ooze (D:2)
  2 adder skeletons
  3 worms (D:3)
  6 leopard geckos
  20 orcs
  2 ball pythons
  4 giant cockroaches
  5 gnoll zombies
  8 goblins
  A hobgoblin (D:3)
  18 jackals
  5 quokkas
  A ball python skeleton (D:5)
  5 bats
  5 frilled lizards
  3 goblin zombies (Ossuary)
  A hobgoblin zombie (Ossuary)
  A jackal skeleton (D:6)
  A jackal zombie (D:6)
  13 kobolds
  A leopard gecko skeleton (D:4)
  3 orc zombies (Ossuary)
  A quokka skeleton (D:6)
  A quokka zombie (D:7)
  7 rats
249 creatures vanquished.

Vanquished Creatures (collateral kills)
  A wight (D:6)
  A bullfrog skeleton (D:10)
2 creatures vanquished.

Vanquished Creatures (others)
  A wight (D:6)
  10 fungi
  2 plants
13 creatures vanquished.

Grand Total: 264 creatures vanquished
